 Seeded DCSS version 0.30.1-9-gdf580d7c3d (webtiles) character file.

Game seed: 7229806256980976716 (custom seed)

60 Psyclone the Stinger (level 4, 27/27 HPs)
             Began as an Octopode Venom Mage on Oct 3, 2023.
             Quit the game on level 3 of the Dungeon.
             The game lasted 00:02:56 (1344 turns).

Psyclone the Stinger (Octopode Venom Mage)          Turns: 1344, Time: 00:02:57

Health: 27/27      AC:  4    Str:  6    XL:     4   Next: 4%
Magic:  17/17      EV: 13    Int: 31    God:
Gold:   114        SH:  0    Dex:  7    Spells: 6/9 levels left

rFire   + . .        a - +3 Elemental Staff {rElec rF+ rC+ AC+3}
rCold   + + +        (no shield)
rNeg    . . .        (helmet restricted)
rPois   +            (no amulet)
rElec   +            e - ring of the Mage {Wiz Archmagi}
rCorr   .            f - ring "Yjoxom" {Contam rPois rC++ MP+9 Int+8 Dex-4}
SInv    +            (no ring)
Will    .....        (no ring)
Stlth   +++          (no ring)
HPRegen 0.24/turn    (no ring)
MPRegen 0.15/turn    (no ring)
                     (no ring)

%: wizardry (x1), archmagi
@: no status effects
A: almost no armour, amphibious, 8 rings, camouflage 1, gelatinous body 1,
(nimble swimmer 1), tentacles, see invisible, clever 1, deterioration 1
a: no special abilities


You were on level 3 of the Dungeon.
You visited 1 branch of the dungeon, and saw 3 of its levels.

You collected 114 gold pieces.

Inventory:

Hand Weapons
 a - the +3 Elemental Staff (weapon) {rElec rF+ rC+ AC+3}
   (You acquired it on level 1 of the Dungeon)

   It enhances your fire, ice, earth and air magic.
   AC:        It affects your AC (+3).
   rF:        It protects you from fire.
   rC:        It protects you from cold.
   rElec:     It insulates you from electricity.
Missiles
 h - a throwing net {!f}
Jewellery
 e - the ring of the Mage (left tentacle) {Wiz Archmagi}
   (You acquired it on level 1 of the Dungeon)

   [ring of wizardry]

   It improves your spell success rate.
   Archmagi:  It increases the power of your magical spells.
 f - the ring "Yjoxom" (right tentacle) {Contam rPois rC++ MP+9 Int+8 Dex-4}
   (You acquired it on level 1 of the Dungeon)

   [ring of magical power]

   Int:       It affects your intelligence (+8).
   Dex:       It affects your dexterity (-4).
   rC:        It greatly protects you from cold.
   rPois:     It protects you from poison.
   MP:        It affects your magic capacity (+9).
   Contam:    It causes magical contamination when unequipped.
Scrolls
 b - 2 scrolls of amnesia {unknown}
 d - 2 scrolls of blinking {unknown}
 g - 2 scrolls of identify {unknown}
 j - a scroll of poison {unknown}
Potions
 c - a potion of magic
 i - a potion of invisibility {unknown}


   Skills:
 - Level 2.2 Dodging
 - Level 3.2 Stealth
 + Level 3.2 Spellcasting
 - Level 1.4 Transmutations
 - Level 3.9 Poison Magic


You had 6 spell levels left.
You knew the following spells:

 Your Spells              Type           Power      Damage    Failure   Level
a - Poisonous Vapours     Pois/Air       76%        N/A       1%          2
v - Sting                 Tmut/Pois      100%       1d8       1%          1

Your spell library contained the following spells:

 Spells                   Type           Power      Damage    Failure   Level
 Cigotuvi's Dreadful Rot  Necr/Pois/Air  58%        N/A       2%          2
 Mephitic Cloud           Conj/Pois/Air  29%        N/A       4%          3
 Olgreb's Toxic Radiance  Pois           44%        N/A       5%          4
 Dispel Undead            Necr           7%         3d8       26%         4
 Death Channel            Necr           3%         N/A       98%         6


Dungeon Overview and Level Annotations

Branches:
Dungeon (3/15) Zot: 16640

Altars:

Annotations:
D:3 3 runed translucent doors


Innate Abilities, Weirdness & Mutations

You cannot wear most types of armour.
You are amphibious.
You can wear up to eight rings at the same time.
Your skin changes colour to match your surroundings (Stealth+).
Your rubbery body absorbs attacks. (AC +1, EV +1)
((You are camouflaged when in or above water. (Stealth+)))
You have tentacles for arms and can constrict up to eight enemies at once.
You have supernaturally acute eyesight. (SInv)
Your mind is acute. (Int +4, Str/Dex -1)
Your body sometimes deteriorates upon taking damage.


Message History

You hit the worm. You squeeze the worm.
You kill the worm!
You have reached level 4!
You regained 6 hp, and now have 23/27 hp.
MP restored: 17 You see here a worm corpse.
You now have 90 gold pieces (gained 12).
You now have 100 gold pieces (gained 10).
You see here a giant cockroach corpse.
Found a stone staircase leading up.
Found a leather armour.
Found a short sword.
Found a book of Decay.
Health restored: 27 You pick up a book of Decay and begin reading...
You add the spells Cigotuvi's Dreadful Rot, Dispel Undead and Death Channel to your library.
d - 2 scrolls labelled FOEGIP WYTRA (gained 1) Key pressed, stopping explore.
You now have 103 gold pieces (gained 3).
Found a stone staircase leading up.
Found a stone staircase leading down.
Found a stone staircase leading up.
You now have 114 gold pieces (gained 11).
There is a stone staircase leading down here.
There is a stone staircase leading up here.
Found 3 poisoned darts.
You see here 3 poisoned darts.
Found a pair of gloves.
Found a potion of mutation.
You see here a +0 pair of gloves.
You see here a potion of mutation.
k - a potion of mutation Really quaff the potion of mutation?
You feel extremely strange.
You feel stupid.
You no longer become unable to read scrolls after taking damage.
You feel yourself wasting away.
Your vision sharpens.
Unknown command.
Unknown command.
Are you sure you want to abandon this character and quit the game? (Confirm with "yes".)

#.# #.## #.##.## #. #.# #..###
#.# ###.##.####. #.# ##...##
#.# #........... #.# ###..# #.#
#..........# #.# ##.# #.#
#..........# #.# #.# #.#
#........).# #.# #.###.#
#......†...# #.# #..##.#
##........... #.# ##.##@#
#............ #.# #.##.#
#......†..... #.# #..#[#
#............ #.# ##...#
#............
#.#################.#.#######..
#............(.................
##################..###########
#..# # #.##


There were no monsters in sight!

Vanquished Creatures
  An adder (D:2)
  2 worms
  4 ball pythons
  3 bats (D:1)
  3 endoplasms
  3 giant cockroaches (D:3)
  2 hobgoblins (D:1)
  12 jackals
  4 quokkas
  A frilled lizard (D:1)
  2 rats
37 creatures vanquished.

Notes
Turn   | Place    | Note
-------+----------+-------------------------------------------
     0 | D:1      | Psyclone the Octopode Venom Mage began the quest for the
                  | Orb.
     0 | D:1      | Reached XP level 1. HP: 11/11 MP: 3/3
    80 | D:1      | Identified 3 scrolls of acquirement
    80 | D:1      | Acquired the ring of the Mage {Wiz Archmagi}
    80 | D:1      | Found the ring of the Mage {Wiz Archmagi}
    86 | D:1      | Acquired the ring "Yjoxom" {Contam rPois rC++ MP+9 Int+8
                  | Dex-4}
   207 | D:1      | Acquired the +3 Elemental Staff {rElec rF+ rC+ AC+3}
   207 | D:1      | Found the +3 Elemental Staff {rElec rF+ rC+ AC+3}
   398 | D:1      | Gained mutation: You occasionally lose the ability to read
                  | scrolls when taking damage. [potion of mutation]
   398 | D:1      | Gained mutation: Your mind is acute. (Int +4, Str/Dex -1)
                  | [potion of mutation]
   398 | D:1      | Gained mutation: Your mind is very acute. (Int +8, Str/Dex
                  | -2) [potion of mutation]
   702 | D:1      | Reached XP level 2. HP: 11/17 MP: 5/5
   735 | D:1      | Learned a level 2 spell: Poisonous Vapours
   925 | D:2      | Reached XP level 3. HP: 19/21 MP: 6/6
  1125 | D:3      | Found a runed translucent gate.
  1126 | D:3      | Found a runed translucent gate.
  1127 | D:3      | Found a runed translucent gate.
  1170 | D:3      | Reached XP level 4. HP: 23/27 MP: 8/8
  1343 | D:3      | Lost mutation: Your mind is very acute. (Int +8, Str/Dex
                  | -2) [potion of mutation]
  1343 | D:3      | Lost mutation: You occasionally lose the ability to read
                  | scrolls when taking damage. [potion of mutation]
  1343 | D:3      | Gained mutation: Your body sometimes deteriorates upon
                  | taking damage. [potion of mutation]
  1343 | D:3      | Gained mutation: You have supernaturally acute eyesight.
                  | (SInv) [potion of mutation]
  1344 | D:3      | Quit the game

Illustrated notes

Levels and vault maps discovered:
D:1:      spicycebolla_arrival_ecumenical, layout_loops_ring
D:2:      layout_basic
D:3:      layout_rooms, mainiacjoe_overflow_paths, gammafunk_ghost_necromancy

Skill      XL: |  1  2  3 |
---------------+----------+-----
Stealth        | 3 |  3.2
Spellcasting   | 3 |  3.2
Dodging        | |  2.2
Transmutations | |  1.4
Poison Magic   | |  3.9

Action                     |  1- 3 |  4- 6 || total
---------------------------+-------+-------++-------
  Melee: Staff             |    87 |       ||    87
         Tentacles         |    20 |       ||    20
         Constrict         |    17 |       ||    17
         Punch             |     1 |       ||     1
   Cast: Sting             |    10 |       ||    10
         Poisonous Vapours |     6 |       ||     6
    Use: Scroll            |     3 |       ||     3
         Potion            |     1 |     1 ||     2
   Stab: Sleeping          |     7 |       ||     7
         Distracted        |     1 |       ||     1
 Armour: Skin              |    23 |       ||    23
  Dodge: Dodged            |    72 |       ||    72
